 Dungeon Crawl Stone Soup version 0.26.1-2-gb8aa6d0cf2 (webtiles) character file.

Game seed: 6344049249511996437

199 Gadfly the Cudgeller (level 5, -8/73 HPs)
             Began as a Troll Artificer on Feb 24, 2021.
             Killed by divine providence
             ... invoked by an orc priest
              (12 damage)
             ... on level 3 of the Dungeon.
             The game lasted 00:04:30 (2513 turns).

Gadfly the Cudgeller (Troll Artificer)              Turns: 2513, Time: 00:04:31

Health: -8/73      AC:  7    Str: 21    XL:     5   Next: 48%
Magic:  4/4        EV: 10    Int:  7    God:
Gold:   167        SH:  0    Dex: 10    Spells: 4/4 levels left

rFire    . . .     SeeInvis .   a - +0 mace
rCold    . . .     Faith    +   (no shield)
rNeg     . . .     Spirit   .   b - +1 robe
rPois    +         Reflect  .   (helmet restricted)
rElec    .         Harm     .   g - scarf {repulsion}
rCorr    .         Rampage  .   (gloves unavailable)
Will     .....                  (boots unavailable)
Stlth    ..........             i - amulet of faith
HPRegen  0.62/turn              k - ring of poison resistance
MPRegen  0.09/turn              (no ring)

@: berserking (expiring), repel missiles, very quick
A: large, unfitting armour, claws 3, regeneration 1, shaggy fur 1, tough skin 3
a: no special abilities


You were on level 3 of the Dungeon.
You visited 1 branch of the dungeon, and saw 3 of its levels.

You collected 167 gold pieces.

Inventory:

Hand Weapons
 a - a +0 mace (weapon)
Armour
 b - a +1 robe (worn)
 g - a scarf of repulsion (worn)
Jewellery
 i - an amulet of faith (around neck)
 k - a ring of poison resistance (left claw)
Wands
 c - a wand of flame (15) (quivered)
 d - a wand of enslavement (15)
 e - a wand of random effects (13)
Scrolls
 l - a scroll of enchant weapon {unknown}
Potions
 f - a potion of lignification {unknown}
 n - a potion of might {unknown}
 o - a potion of resistance


   Skills:
 + Level 2.0 Fighting
 * Level 2.9 Maces & Flails
 * Level 2.6 Armour
 - Level 1.9 Dodging
 - Level 0.3 Stealth
 - Level 2.1 Evocations


You had 4 spell levels left.
You didn't know any spells.
Your spell library was empty.

Dungeon Overview and Level Annotations

Branches:
Dungeon (3/15)

Altars:


Innate Abilities, Weirdness & Mutations

You are too large for most types of armour.
You have claws for hands.
Your natural rate of healing is unusually fast.
You are covered in fur. (AC +1)
You have extremely tough skin. (AC +3)


Message History

You feel better. The orc hits you with a +0 whip.
* * * LOW HITPOINT WARNING * * *
The orc priest calls upon Beogh to heal the orc.
The orc's wounds heal themselves!
A red film seems to cover your vision as you go berserk!
You feel yourself moving faster!
You feel mighty! The orc hits you with a +0 whip.
* * * LOW HITPOINT WARNING * * *
You hit the orc but do no damage. The orc hits you with a +0 whip.
* * * LOW HITPOINT WARNING * * *
You sock the orc!
You kill the orc!
You barely miss the orc. The orc hits you but does no damage.
You thump the orc!
You kill the orc!
You sock the orc!
You kill the orc!
The orc priest mumbles some strange prayers to Beogh against you.
Beogh smites you!
You die...

### # .... # ##########
.....
#######........###......
................@)o.....
#######........###......
# #........# ..... #
#........# .?.. #
#........# ... ##
#...(....# .. .#
#........# . .##
#####.#### ..####### #.#


You could see an orc priest.

Vanquished Creatures
  An orc priest (D:3)
  Jessica (D:2)
  Terence (D:2)
  2 adders (D:2)
  4 gnolls
  2 dart slugs (D:1)
  A leopard gecko (D:1)
  10 orcs (D:3)
  4 giant cockroaches
  4 goblins (D:1)
  3 hobgoblins
  11 kobolds
  A quokka (D:2)
  4 bats
  A frilled lizard (D:1)
  5 rats
55 creatures vanquished.

Notes
Turn   | Place    | Note
-------+----------+-------------------------------------------
     0 | D:1      | Gadfly the Troll Artificer began the quest for the Orb.
     0 | D:1      | Reached XP level 1. HP: 18/18 MP: 0/0
   119 | D:1      | Reached skill level 1 in Fighting
   158 | D:1      | Reached XP level 2. HP: 21/27 MP: 1/1
   207 | D:1      | Reached skill level 1 in Maces & Flails
   474 | D:1      | Reached skill level 1 in Armour
  1194 | D:1      | Reached XP level 3. HP: 25/33 MP: 2/2
  1740 | D:2      | Reached XP level 4. HP: 34/41 MP: 3/3
  1793 | D:2      | Found a faded altar of an unknown god.
  2021 | D:3      | Noticed Terence
  2021 | D:3      | Noticed Jessica
  2047 | D:2      | Killed Jessica
  2061 | D:2      | Killed Terence
  2062 | D:2      | Reached XP level 5. HP: 22/49 MP: 4/4
  2505 | D:3      | HP: 2/49 [orc priest/divine providence (11)]
  2513 | D:3      | Killed from afar by an orc priest

Illustrated notes

Levels and vault maps discovered:
D:1:      lightli_arrival_isolated_outpost, layout_loops_ring,
          minmay_hexomino_p4
D:2:      layout_loops_ring, chequers_ecumenical_altar_twisty
D:3:      minmay_diamond_boxcup, layout_basic, uniq_terence, uniq_robin,
          uniq_jessica, uniq_ijyb

Skill      XL: |  1  2  3  4  5 |
---------------+----------------+-----
Fighting       | 1 2 |  2.0
Maces & Flails | 1 2 |  2.9
Armour         | 1 2 |  2.6
Dodging        | |  1.9
Stealth        | |  0.3
Evocations     | |  2.1

Action                   |  1- 3 |  4- 6 || total
-------------------------+-------+-------++-------
Melee: Club              |   103 |       ||   103
       Whip              |    54 |    96 ||   150
       Mace              |       |    38 ||    38
Evoke: Wand              |       |     2 ||     2
  Use: Scroll            |     8 |     2 ||    10
       Potion            |     2 |     3 ||     5
 Stab: Sleeping          |     1 |       ||     1
Armor: Robe              |    63 |    75 ||   138
Dodge: Dodged            |    75 |    98 ||   173
       Repelled          |     1 |       ||     1
